 Dungeon Crawl Stone Soup version 0.22-a0-782-g038298e (webtiles) character file.

83 Kuinu the Firebug (level 4, -3/33 HPs)
             Began as a Draconian Fire Elementalist on July 20, 2018.
             Killed by divine providence
             ... invoked by an orc priest
              (14 damage)
             ... on level 3 of the Dungeon.
             The game lasted 00:09:43 (1164 turns).

Kuinu the Firebug (Draconian Fire Elementalist)     Turns: 1164, Time: 00:09:44

Health: -3/33      AC:  8    Str: 11    XL:     4   Next: 22%
Magic:  5/8        EV: 12    Int: 16    God:
Gold:   163        SH:  0    Dex: 11    Spells: 2/8 levels left

rFire    . . .     SeeInvis .   d - +1 dagger
rCold    . . .     Gourm    .   (no shield)
rNeg     . . .     Faith    .   (armour unavailable)
rPois    .         Spirit   .   (helmet restricted)
rElec    .         Reflect  .   i - +2 cloak
rCorr    .         Harm     +   (no gloves)
MR       .....                  (no boots)
Stlth    ++........             q - amulet of harm
HPRegen  0.11/turn              (no ring)
MPRegen  0.11/turn              (no ring)

@: no status effects
A: unfitting armour, cold-blooded, AC +5
a: no special abilities


You were on level 3 of the Dungeon.
You were not hungry.

You visited 1 branch of the dungeon, and saw 3 of its levels.

You collected 163 gold pieces.

Inventory:

Hand Weapons
 a - a +0 club
 d - a +1 dagger (weapon)
Armour
 i - a +2 cloak (worn)
Jewellery
 q - an amulet of harm (around neck)
Scrolls
 e - a scroll of enchant armour
 f - a scroll of random uselessness {unknown}
 g - a scroll of magic mapping
Potions
 c - 2 potions of berserk rage {unknown}
 h - a potion of heal wounds {unknown}
 j - a potion of flight {unknown}
 k - a potion of ambrosia {unknown}
 l - 3 potions of curing {unknown}
 m - a potion of mutation {unknown}
 n - a potion of cancellation {unknown}
 p - 2 potions of brilliance {unknown}
Comestibles
 b - 7 rations
 o - 10 chunks of flesh


   Skills:
 + Level 2.2 Dodging
 + Level 2.2 Stealth
 * Level 2.7 Spellcasting
 * Level 2.1 Conjurations
 * Level 3.5 Fire Magic


You had 2 spell levels left.
You knew the following spells:

 Your Spells              Type           Power        Failure   Level  Hunger
a - Flame Tongue          Conj/Fire      ##...        6%          1    #......
b - Throw Flame           Conj/Fire      ##....       9%          2    ##.....
c - Conjure Flame         Conj/Fire      ##......     19%         3    ###....

Your spell library contained the following spells:

 Spells                   Type           Power        Failure   Level  Hunger
 Fireball                 Conj/Fire      ##........   86%         5    ######.
 Sticky Flame             Conj/Fire      ##......     52%         4    #####..
 Inner Flame              Hex/Fire       #.......     28%         3    ###....


Dungeon Overview and Level Annotations

Branches:
Dungeon (3/15)

Altars:
Ashenzari
Ru
Xom

Annotations:
D:2 Sigmund


Innate Abilities, Weirdness & Mutations

Your plain brown scales are hard. (AC +5)
You cannot fit into any form of body armour.
You are cold-blooded and may be slowed by cold attacks.


Message History

The orc is heavily wounded.
The orc barely misses you.
You hit the orc.
You kill the orc!
The orc priest mumbles some strange prayers to Beogh against you.
Beogh smites you!
Ouch! That really hurt!
You hit the orc.
The orc is moderately wounded.
The orc priest miscasts a cantrip.
The orc barely misses you.
You hit the orc.
The orc is heavily wounded.
The orc hits you but does no damage.
You hit the orc.
You kill the orc!
You barely miss the orc. The orc hits you with a flail.
The orc priest mumbles some strange prayers to Beogh against you.
Beogh smites you!
You die...

#.#.#... #.###.#.
#.)..... #)###.#.
#.#...#. #.#.###.
.## #.......
....o######
###.....
....ooo@..# #.####
.###.####.# #.#
#.# #.###.# #.#
#.....# #.
#.#########.# #.##
#...........#
...###..########.#
##..........#
#.###
............#
#...#


You could see an orc priest and 3 orcs.

Vanquished Creatures
  A gnoll (D:1)
  3 adders
  A leopard gecko (D:3)
  4 orcs (D:3)
  7 bats
  A giant cockroach (D:1)
  2 goblins (D:1)
  3 hobgoblins
  7 jackals (D:1)
  2 kobolds (D:1)
  2 ball pythons
  A frilled lizard (D:3)
  8 rats
42 creatures vanquished.

Notes
Turn   | Place    | Note
-------+----------+-------------------------------------------
     0 | D:1      | Kuinu the Draconian Fire Elementalist began the quest for the Orb.
     0 | D:1      | Reached XP level 1. HP: 14/14 MP: 3/3
   289 | D:1      | Reached XP level 2. HP: 20/20 MP: 3/5
   293 | D:1      | Learned a level 2 spell: Throw Flame
   427 | D:1      | Reached XP level 3. HP: 19/26 MP: 3/6
   778 | D:2      | Found a sacrificial altar of Ru.
   822 | D:2      | Found a shattered altar of Ashenzari.
   904 | D:2      | Found a shimmering altar of Xom.
   986 | D:2      | Noticed Sigmund
  1059 | D:3      | Reached XP level 4. HP: 33/33 MP: 0/8
  1065 | D:3      | Learned a level 3 spell: Conjure Flame
  1164 | D:3      | Killed from afar by an orc priest

Vault maps used:
D:1:      roderic_dead_forest, minmay_pentomino_q2
D:2:      ashenzari_altar_1, nicolae_ru_path_of_blood,
          overflow_temple_1_default, lemuel_doored_altar, uniq_sigmund
D:3:      first_ration, minmay_misc_feat_roman, due_unseen_surprise

Skill      XL: |  1  2  3 |
---------------+----------+-----
Stealth        | 2 |  2.2
Dodging        | 2 |  2.2
Conjurations   | 2 |  2.1
Spellcasting   | |  2.7
Fire Magic     | |  3.5

Action                   |  1- 3 |  4- 6 || total
-------------------------+-------+-------++-------
Melee: Dagger            |    80 |    14 ||    94
       Tailslap          |     7 |     1 ||     8
 Cast: Flame Tongue      |    31 |     6 ||    37
       Throw Flame       |     3 |     1 ||     4
  Use: Scroll            |     5 |       ||     5
  Eat: Chunk             |     1 |     1 ||     2
Armor: Skin              |    36 |    11 ||    47
Dodge: Dodged            |    62 |    11 ||    73

Table legend:
 A = Spawn XP
 B = Non-spawn XP
 C = Spawn XP percentage of total XP
 D = Spawn monster count
 E = Non-spawn monster count
 F = Spawn count percentage of total count
 G = Total turns spent on level
                    A         B        C        D         E        F      G
               +---------+---------+-------+---------+---------+-------+---------
         Total |       0 |     119 |   0.0 |       0 |      42 |   0.0 |  1164
               +---------+---------+-------+---------+---------+-------+---------
           D:1 |       0 |      55 |   0.0 |       0 |      27 |   0.0 |   710
           D:2 |       0 |      17 |   0.0 |       0 |       4 |   0.0 |   284
           D:3 |       0 |      47 |   0.0 |       0 |      11 |   0.0 |   170
               +---------+---------+-------+---------+---------+-------+---------
